AoeStats
← Avalentino

Black Forest

508443922Analyzed
3v3 RM · 9d ago on Sep 22, 2026· 63m 25s· 6 players
Game mode
Random Map
Map size
Normal (6 player)
Population
200
Speed
Normal
Resources
Standard
Victory
Conquest
Starting age
Dark Age
Ending age
Imperial Age
RankedLock teamsTeams togetherTeam positionsShared explorationLock speedFull tech treeHidden civsTurbo modeCheats
Victory
Defeat
🇦🇷 Mongols · Argentina
1123
+14
🇲🇴 Japanese · Macao SAR China
1071
+16
🇲🇴 Goths · Macao SAR China
966
+21
🇫🇷 Celts · France
1089
-17
🇨🇦 Turks · Canada
1066
-17
🇮🇹 Vikings · Italy
1064
-17
Xixin8
0:31 Loom
14:16 Feudal Age
14:49 Horse Collar
15:00 Double-Bit Axe
15:37 Man-at-Arms
16:52 Scale Mail Armor
17:48 Gold Mining
19:08 Fletching
20:43 Stone Mining
21:07 Forging
23:13 Arson
28:17 Castle Age
27:19 Town Watch
28:35 Long Swordsman
29:01 Gambesons
29:16 Squires
29:17 Bodkin Arrow
29:37 Chain Mail Armor
29:24 Heavy Plow
29:37 Bow Saw
30:08 Gold Shaft Mining
31:58 Fervor
33:02 Caravan
32:47 Treadmill Crane
33:02 Murder Holes
32:58 Guard Tower
33:20 Fortified Wall
34:27 Masonry
34:50 Town Patrol
39:19 Imperial Age
40:02 Two-Handed Swordsman
41:04 Conscription
40:46 Chieftains
41:51 Two-Man Saw
41:56 Champion
44:59 Ballistics
52:29 Iron Casting
52:09 Chain Mail Armor
55:54 Blast Furnace
56:10 Plate Mail Armor
61:17 Heavy Scorpion
vegeta361287249
0:32 Loom
13:57 Feudal Age
20:14 Castle Age
27:39 Fletching
34:43 Padded Archer Armor
48:42 Imperial Age
47:54 Gold Mining
48:02 Double-Bit Axe
48:01 Horse Collar
52:59 Leather Archer Armor
61:54 Wheelbarrow
steven.gimenez
0:51 Loom
10:45 Feudal Age
16:16 Castle Age
15:32 Double-Bit Axe
25:50 Horse Collar
26:31 Bow Saw
27:02 Fervor
28:50 Scale Mail Armor
32:25 Imperial Age
30:29 Scale Mail Armor
31:28 Chain Mail Armor
32:04 Wheelbarrow
33:57 Plate Mail Armor
33:37 Forging
34:57 Hand Cart
36:51 Heavy Plow
37:21 Elite Woad Raider
38:35 Ballistics
38:52 Iron Casting
38:09 Fletching
38:57 Bodkin Arrow
41:50 Stronghold
43:05 Chemistry
45:53 Iron Casting
45:22 Arson
48:27 Blast Furnace
52:54 Elite Skirmisher
53:36 Padded Archer Armor
53:50 Masonry
54:46 Leather Archer Armor
55:18 Conscription
55:05 Caravan
55:59 Ring Archer Armor
62:20 Murder Holes
André
9:48 Feudal Age
13:15 Horse Collar
13:23 Double-Bit Axe
16:53 Castle Age
24:10 Loom
27:30 Gold Mining
27:32 Stone Mining
30:34 Imperial Age
28:01 Town Watch
29:22 Fletching
30:55 Wheelbarrow
31:00 Bodkin Arrow
31:06 Padded Archer Armor
32:32 Chemistry
31:49 Masonry
32:41 Chemistry
32:34 Conscription
33:25 Parthian Tactics
33:36 Ballistics
33:33 Husbandry
33:49 Bloodlines
34:29 Thumb Ring
34:47 Conscription
34:58 Leather Archer Armor
35:15 Bow Saw
35:36 Bracer
35:26 Elite Mangudai
36:14 Heavy Plow
37:25 Scale Barding Armor
52:29 Hand Cart
57:01 Caravan
King_Cyrus
0:26 Loom
16:01 Feudal Age
17:31 Wheelbarrow
18:39 Horse Collar
19:41 Double-Bit Axe
26:49 Castle Age
25:18 Fletching
44:21 Hand Cart
47:14 Heavy Plow
46:59 Man-at-Arms
47:40 Squires
47:25 Gambesons
47:26 Arson
49:45 Long Swordsman
57:13 Imperial Age
55:30 Forging
55:20 Scale Mail Armor
56:27 Bow Saw
57:18 Iron Casting
57:44 Two-Handed Swordsman
59:40 Blast Furnace
58:56 Chain Mail Armor
58:25 Champion
Avalentino
2:08 Loom
11:36 Feudal Age
14:27 Wheelbarrow
16:24 Castle Age
19:24 Horse Collar
20:32 Fervor
22:19 Heavy Plow
22:05 Double-Bit Axe
30:06 Imperial Age
28:52 Forging
28:43 Scale Mail Armor
29:48 Hand Cart
29:20 Town Watch
29:21 Pikeman
31:12 Iron Casting
30:52 Chain Mail Armor
31:47 Crop Rotation
31:51 Conscription
31:47 Bow Saw
34:06 Anarchy
34:07 Perfusion
33:27 Elite Huskarl
34:36 Squires
36:47 Blast Furnace
38:23 Chemistry
37:43 Ballistics
39:25 Two-Man Saw
38:36 Caravan
39:15 Padded Archer Armor
46:16 Capped Ram
50:21 Halberdier
51:15 Caravan
52:46 Scale Barding Armor
56:01 Heavy Scorpion
Connection lost

Rejoining the realm…

Still unreachable

The connection could not be restored.

Session expired

The server has moved on; the page needs a fresh start.